 Dungeon Crawl Stone Soup version 0.31-a0-1074-g0b22e4e0f1 (webtiles) character file.

Game seed: 9881192480062125340

380 bjtr the Sneak (level 6, -11/28 HPs)
             Began as a Vine Stalker Enchanter on Dec 7, 2023.
             Mangled by a sleepcap (15 damage)
             ... on level 5 of the Dungeon.
             The game lasted 00:18:16 (3079 turns).

bjtr the Sneak (Vine Stalker Enchanter)             Turns: 3079, Time: 00:18:17

Health: -11/28     AC:  3    Str: 10    XL:     6   Next: 75%
Magic:  0/11       EV:  2    Int: 17    God:
Gold:   178        SH:  0    Dex: 15    Spells: 5/11 levels left

rFire   . . .        a - +2 dagger (elec)
rCold   . . .        r - orb {*channel}
rNeg    . . .        l - +0 robe
rPois   .            o - +0 helmet
rElec   .            (no cloak)
rCorr   .            (no gloves)
SInv    .            (no boots)
Will    .....        (no amulet)
Stlth   +++          (no ring)
HPRegen 1.04/turn    (no ring)
MPRegen 0.12/turn

%: guardian spirit, channel magic (20%)
@: sleeping
A: fangs 2, regeneration 1, magic shield, antimagic bite, no potion heal 2
a: no special abilities


You were on level 5 of the Dungeon.
You visited 1 branch of the dungeon, and saw 5 of its levels.

You collected 188 gold pieces.
You spent 10 gold pieces at shops.

Inventory:

Hand Weapons
 a - a +2 dagger of electrocution (weapon)
 b - the +5 whip "Demonslayer" {venom, Fly Int-3 Dex+3}
   (You found it on level 2 of the Dungeon)

   Int-3:     It affects your intelligence (-3).
   Dex+3:     It affects your dexterity (+3).
   Fly:       It grants you flight.
 t - a +3 flail
 x - a +1 dagger of venom
Missiles
 p - 16 poisoned darts
 v - 4 javelins
Armour
 l - a +0 robe (worn)
 n - a +0 ring mail
 o - a +0 helmet (worn)
 r - an orb of energy (worn)
Scrolls
 d - a scroll of poison
 e - 3 scrolls of teleportation
 h - 2 scrolls of identify
Potions
 c - 2 potions of invisibility
 f - a potion of curing
 g - a potion of heal wounds
 k - a potion of brilliance
 w - a potion of lignification


   Skills:
 * Level 2.8 Short Blades
 + Level 2.4 Dodging
 + Level 6.6 Stealth
 + Level 3.0 Spellcasting
 + Level 3.9 Hexes


You had 5 spell levels left.
You knew the following spells:

 Your Spells              Type           Power      Damage    Failure   Level
a - Confusing Touch       Hex            16%        N/A       24%         3
b - Tukima's Dance        Hex            16%        N/A       24%         3

Your spell library contained the following spells:

 Spells                   Type           Power      Damage    Failure   Level
 Jinxbite                 Hex            32%        N/A       14%         2
 Ensorcelled Hibernation  Hex/Ice        18%        N/A       28%         2
 Apportation              Tloc           4%         N/A       36%         1
 Shock                    Conj/Air       8%         1d3       36%         1
 Dazzling Flash           Conj/Hex       18%        N/A       43%         3
 Blink                    Tloc           4%         N/A       47%         2
 Lesser Beckoning         Tloc           4%         N/A       47%         2
 Momentum Strike          Conj/Tloc      4%         3d8       47%         2
 Ignite Poison            Fire/Tmut/Pois 2%         N/A       67%         3
 Swiftness                Air            2%         N/A       67%         3
 Volatile Blastmotes      Fire/Tloc      4%         2d10      67%         3
 Airstrike                Air            1%         2d(1-17)  95%         4
 Sticky Flame             Conj/Fire      2%         2d3       95%         4
 Alistair's Intoxication  Tmut/Pois      1%         N/A       100%        5
 Starburst                Conj/Fire      1%         6d3       100%        6
 Ignition                 Fire           1%         3d3       100%        8
 Maxwell's Capacitive Co  Air            1%         ∞         100%        8


Dungeon Overview and Level Annotations

Branches:
Dungeon (5/15)
 Temple: D:4-7

Altars:

Shops:
D:1 !

Annotations:
D:5 Dowan


Innate Abilities, Weirdness & Mutations

You have extremely sharp teeth.
Your natural rate of healing is unusually fast.
When hurt, damage is shared between your health and your magic reserves.
Your bite disrupts and absorbs the magic of your enemies.
Potions cannot restore your health.


Message History

Okay, then.
Dowan casts a spell.
Dowan blinks!
Casting: Confusing Touch (quite dangerous; 26% risk of failure)
Confirm with . or Enter, or press ? or * to list all spells.
You don't have enough magic to cast this spell.
Unknown command.
Dowan casts a spell at you.
You easily resist.
Your magical contamination has completely faded away.
A sleepcap comes into view.
The sleepcap barely misses you.
Dowan laughs at you. "Don't get delusional, you can't win!"
Duvessa hits you with a +0 short sword of freezing.
* * * LOW HITPOINT WARNING * * *
Duvessa freezes you.
* * * LOW HITPOINT WARNING * * *
You strike the helpless Duvessa from behind!
You impale Duvessa!!
You kill Duvessa!
Dowan's eyes darken. "You have made a grave mistake."
Dowan seems to find hidden reserves of power!
Dowan mumbles some strange words.
Dowan blinks!
The sleepcap releases spores at you.
* * * LOW HITPOINT WARNING * * *
Dowan mumbles some strange words.
Dowan blinks!
Your Spellcasting skill increases to level 3!
Unknown command.
The sleepcap attacks as it pursues you! The sleepcap closely misses you.
Dowan gestures at you while chanting. The shard of ice misses you.
The sleepcap attacks as it pursues you! The sleepcap releases spores at you.
* * * LOW HITPOINT WARNING * * *
You are engulfed in a cloud of soporific spores!
You fall asleep.
Dowan casts a spell.
Dowan blinks!
The sleepcap releases spores at you!
Ouch! That really hurt!
You die...

#############
######...........#
........f.....)..#
.#.#.#)#.#@#.#.#..#
..............#...#
...#.#.#...#.#.#..#
........#..§........#
#......#.#.....#.#..#
.....§..............#
<........#e......#..#
....................#
###........#.#.#.#..#


You could see a sleepcap and Dowan (fast).

Vanquished Creatures
  Duvessa (D:5)
  3 hounds
  An iguana (D:4)
  An orc wizard (D:4)
  5 adders
  4 worms
  4 dart slugs
  2 orcs
  4 bats
  10 endoplasms
  2 giant cockroaches
  7 goblins
  4 hobgoblins
  6 kobolds
  2 quokkas
  8 ball pythons
  5 frilled lizards
  7 rats
76 creatures vanquished.

Vanquished Creatures (collateral kills)
  An orc (D:4)
  A kobold (D:2)
2 creatures vanquished.

Vanquished Creatures (others)
  A dancing weapon (D:4)
1 creature vanquished.

Grand Total: 79 creatures vanquished

Notes
Turn   | Place    | Note
-------+----------+-------------------------------------------
     0 | D:1      | bjtr the Vine Stalker Enchanter began the quest for the
                  | Orb.
     0 | D:1      | Reached XP level 1. HP: 9/9 MP: 4/4
   152 | D:1      | Reached skill level 1 in Short Blades
   289 | D:1      | Reached XP level 2. HP: 13/13 MP: 6/6
   294 | D:1      | Reached skill level 4 in Stealth
   436 | D:1      | Found Hypsor's Distillery.
   439 | D:1      | Bought a potion of degeneration for 10 gold pieces
   998 | D:2      | Reached XP level 3. HP: 16/16 MP: 7/7
  1002 | D:2      | Learned a level 3 spell: Confusing Touch
  1006 | D:2      | Learned a level 3 spell: Tukima's Dance
  1131 | D:2      | Identified the +5 whip "Demonslayer" {venom, Fly Int-3
                  | Dex+3}
  1308 | D:2      | Found a faded altar of an unknown god.
  1718 | D:3      | Reached XP level 4. HP: 21/21 MP: 8/8
  2346 | D:4      | Reached skill level 5 in Stealth
  2369 | D:4      | Reached XP level 5. HP: 22/24 MP: 7/9
  2503 | D:4      | Reached skill level 6 in Stealth
  2503 | D:4      | Reached XP level 6. HP: 17/28 MP: 5/11
  2968 | D:5      | Entered Level 5 of the Dungeon
  3057 | D:5      | Noticed Dowan
  3058 | D:5      | Noticed Duvessa
  3075 | D:5      | Killed Duvessa
  3079 | D:5      | Mangled by a sleepcap

Illustrated notes

Levels and vault maps discovered:
D:1:      amcnicky_arrival_choice, layout_basic, serial_shops,
          nicolae_shop_real_fake_doors
D:2:      layout_loops_cross, ebering_ecumenical_altar_box
D:3:      layout_basic, minmay_close_crescents
D:4:      layout_basic, serial_curves, eino_curves_02, eino_curves_03
D:5:      layout_cave_pools, mainiacjoe_overflow_boulevard,
          minmay_temple_entry_mist, serial_shops, nicolae_shop_behind_doors,
          hangedman_decor_riveting, uniq_duvessa, uniq_crazy_yiuf_cottage,
          uniq_pikel

Skill      XL: |  1  2  3  4  5  6 |
---------------+-------------------+-----
Short Blades   | 1 2 |  2.8
Stealth        | 4 5 6 |  6.6
Dodging        | 2 |  2.4
Spellcasting   | 3 |  3.0
Hexes          | |  3.9

Action                     |  1- 3 |  4- 6 || total
---------------------------+-------+-------++-------
  Melee: Dagger            |    44 |     9 ||    53
         Bite              |    17 |    26 ||    43
         Whip              |    23 |    89 ||   112
   Cast: Tukima's Dance    |     1 |     3 ||     4
         Confusing Touch   |       |     2 ||     2
    Use: Scroll            |       |    12 ||    12
   Stab: Sleeping          |    12 |     6 ||    18
         Confused          |       |     2 ||     2
 Armour: Robe              |    26 |    60 ||    86
  Dodge: Dodged            |    32 |    60 ||    92

Table legend: (Time is in decaauts)
 A = Elapsed time spent in this place.
 B = Non-inter-level travel time spent in this place.
 C = Inter-level travel time spent in this place.
 D = Time resting spent in this place.
 E = Time spent auto-exploring this place.
 F = Levels seen in this place.
 G = Mean time per level.
                   A        B        C        D        E       F      G
               +--------+--------+--------+--------+--------+-----+--------+
         Total |   3085 |   2994 |     91 |      8 |   2249 |   5 |  617.0 |
       Dungeon |   3085 |   2994 |     91 |      8 |   2249 |   5 |  617.0 |
               +--------+--------+--------+--------+--------+-----+--------+

Top non-repeatable levels by time:
     D:1: 888 daAuts
     D:4: 811 daAuts
     D:2: 652 daAuts
     D:3: 634 daAuts
     D:5: 98 daAuts
